 Dungeon Crawl Stone Soup version 0.22-b1-59-g0aedee7 (webtiles) character file.

41514 Lew the Cleaver (level 14, -3/129 HPs)
             Began as a Hill Orc Fighter on Aug 9, 2018.
             Was the Champion of Beogh.
             Killed from afar by a deep elf knight (23 damage)
             ... with a shard of ice
             ... on level 1 of the Elven Halls.
             The game lasted 01:28:17 (21375 turns).

Lew the Cleaver (Hill Orc Fighter)                 Turns: 21375, Time: 01:28:18

Health: -3/129     AC: 22    Str: 30    XL:     14   Next: 15%
Magic:  20/20      EV: 10    Int: 10    God:    Beogh [******]
Gold:   314        SH: 22    Dex: 10    Spells: 10/13 levels left

rFire    + + +     SeeInvis .   b - +7 spear "Wuamolemm" {drain, rF++ Int+2}
rCold    + . .     Gourm    .   c - +3 shield
rNeg     . . .     Faith    .   j - +1 ring mail of Egalitarianism {Str+6}
rPois    .         Spirit   .   d - +2 helmet
rElec    .         Reflect  +   m - +2 cloak
rCorr    .         Harm     .   S - +2 pair of gloves
MR       +....     Clarity  +   e - +2 pair of boots
Stlth    ..........             L - +6 amulet of reflection
HPRegen  0.31/turn              M - ring of protection from fire
MPRegen  0.17/turn              i - ring of protection from cold

@: hasted, drained, very quick
A: walk on water, clarity, sturdy frame 1
a: Smiting, Recall Orcish Followers, Give Item to Named Follower, Resurrection,
Renounce Religion


You were on level 1 of the Elven Halls.
You worshipped Beogh.
Beogh was exalted by your worship.
You were hungry.

You visited 5 branches of the dungeon, and saw 20 of its levels.
You visited 1 bazaar.

You collected 2131 gold pieces.
You spent 1817 gold pieces at shops.

Inventory:

Hand Weapons
 a - a +0 war axe
 b - the +7 spear "Wuamolemm" (weapon) {drain, rF++ Int+2}
   (You took it off an orc on level 3 of the Dungeon)

   A truly terrible weapon, it drains the life of those it strikes.
   It affects your intelligence (+2).
   It greatly protects you from fire.
 s - a +0 battleaxe
 w - a +0 longbow
 P - a +1 war axe of chopping
Missiles
 D - 46 tomahawks (quivered)
 F - 193 arrows
Armour
 c - a +3 shield (worn)
 d - a +2 helmet (worn)
 e - a +2 pair of boots (worn)
 j - the +1 ring mail of Egalitarianism (worn) {Str+6}
   (You took it off an orc on level 3 of the Dungeon)

   It affects your strength (+6).
 m - a +2 cloak (worn)
 p - a +0 plate armour
 C - a +2 chain mail of fire resistance
 O - a +2 cloak of magic resistance
 Q - a +1 pair of gloves
 R - the cursed +0 robe of Exclusion {rF+ rCorr Str+2}
   (You bought it in a shop on level 1 of the Elven Halls)

   It affects your strength (+2).
   It protects you from fire.
   It provides partial protection from all sources of acid and corrosion.
   It has a curse placed upon it.
 S - a +2 pair of gloves (worn)
 U - the +1 ring mail of Orheck {rElec rPois MR+}
   (You bought it in a shop in a bazaar)

   It insulates you from electricity.
   It protects you from poison.
   It affects your resistance to hostile enchantments.
Jewellery
 i - a ring of protection from cold (right hand)
 K - an uncursed amulet of harm
 L - a +6 amulet of reflection (around neck)
 M - a ring of protection from fire (left hand)
Wands
 t - a wand of polymorph (34)
 x - a wand of enslavement (8)
 y - a wand of flame (55)
 z - a wand of scattershot (3)
 G - a wand of disintegration (23)
 J - a wand of iceblast (6)
Scrolls
 g - 6 scrolls of fear
 h - a scroll of identify
 k - a scroll of summoning
 n - a scroll of silence
 r - a scroll of teleportation
 u - a scroll of magic mapping
 v - 7 scrolls of remove curse
 E - 4 scrolls of blinking
 I - 2 scrolls of fog
 T - 5 scrolls of enchant weapon
Potions
 l - 2 potions of brilliance
 o - 3 potions of might
 A - a potion of curing
 B - 2 potions of agility
 H - 4 potions of flight
 N - 4 potions of haste
Comestibles
 f - 33 rations


   Skills:
 * Level 13.3(12.2) Fighting
 * Level 14.1 Axes
 * Level 8.7(10.5) Polearms
 * Level 12.3(11.2) Armour
 * Level 12.3(11.3) Shields
 - Level 8.4(7.4) Invocations


You had 10 spell levels left.
You knew the following spells:

 Your Spells              Type           Power        Failure   Level  Hunger
a - Apportation           Tloc           #.....       56%         1    ##.....
b - Blink                 Tloc           N/A          71%         2    ###....

Your spell library contained the following spells:

 Spells                   Type           Power        Failure   Level  Hunger
 Magic Dart               Conj           #...         56%         1    ##.....
 Conjure Flame            Conj/Fire      #.......     91%         3    ####...
 Slow                     Hex            #.......     71%         2    ###....
 Confuse                  Hex            #.......     91%         3    ####...
 Mephitic Cloud           Conj/Pois/Air  #.......     91%         3    ####...
 Summon Small Mammal      Summ           #...         56%         1    ##.....
 Iskenderun's Mystic Bla  Conj           #.......     100%        4    #####..
 Animate Skeleton         Necr           N/A          56%         1    ##.....
 Summon Ice Beast         Ice/Summ       #.......     100%        4    #####..
 Call Imp                 Summ           #.......     71%         2    ###....
 Confusing Touch          Hex            #.....       56%         1    ##.....
 Call Canine Familiar     Summ           #.......     91%         3    ####...
 Metabolic Englaciation   Hex/Ice        #.........   100%        5    ######.
 Petrify                  Tmut/Erth      #.......     100%        4    #####..
 Fulminant Prism          Conj/Hex       #.........   100%        4    #####..
 Dazzling Spray           Conj/Hex       #.....       91%         3    ####...
 Force Lance              Conj/Tloc      #.......     100%        4    #####..
 Searing Ray              Conj           #.....       71%         2    ###....
 Summon Lightning Spire   Summ/Air       #.......     100%        4    #####..
 Summon Guardian Golem    Hex/Summ       #.......     91%         3    ####...
 Gell's Gravitas          Tloc           #.........   91%         3    ####...
 Yara's Violent Unravell  Hex/Tmut       #.........   100%        5    ######.


Dungeon Overview and Level Annotations

Branches:
Dungeon (11/15)            Temple (0/1) D:7            Lair (4/6) D:10
 Shoals (2/4) Lair:3          Orc (2/2) D:11            Elf (1/3) Orc:2
  Snake: Lair:2-4    Spider: Lair:2-4

Altars:
Ashenzari
Cheibriados
Fedhas
Ru
Xom
Zin
Beogh

Shops:
D:4 *   D:8 (   Orc:2 %[([[   Elf:1 !}[   Shoals:1 *}?

Portals:
Trove: D:11 (give 9 potions of haste)

Annotations:
D:2 Lew's ghost, amateur FeSu
Elf:1 exclusion: Roxanne, Asterion; Roxanne


Innate Abilities, Weirdness & Mutations

You can walk on water.
You possess an exceptional clarity of mind.
Your movements are slightly less encumbered by armour. (ER -2)


Message History

You block the hell rat's attack.
You hit the orc knight but do no damage.
The orc knight is almost dead.
The tarantella misses you. Something hits you!
* * * LOW HITPOINT WARNING * * *
You block the orc knight's attack.
Your orc hits the tarantella but does no damage.
You block the hell rat's attack.
You closely miss something. You block the tarantella's attack.
You hear some strange, mumbled words.
A shard of ice appears from out of thin air!
The shard of ice hits you!
* * * LOW HITPOINT WARNING * * *
The deep elf mage casts a spell.
The deep elf mage blinks!
The orc knight closely misses you.
You hear some strange, mumbled words.
A shard of ice appears from out of thin air!
The shard of ice hits you! You partially resist.
You die...

##.# #.o# #oo#'# ##(## #.##
##.#.# # ####.).#### #o# #.#.# #
##....(((e.## #.# #.#.# #
##....).....(## ##.# #.#.# #
##........)(o§.###..# #...# #
#...###...###(..##.## ###.# #...#
#.).# #sor##.# #(# #
##.e.###.()###{@(##.# #.###
##..oo....)..)...).#.# #.##.
.)..o.....<.)......).# ###'#H#
.#.....)))..))...((#)######...'##
.##...###)))###...##...........#
###...# #...# #)(.########.....#
#...###...###(.(# #.....#
##.............## ##...##
##...........## '####


You could see an orc knight, a deep elf mage, a tarantella, a hell rat and a
friendly orc.

Vanquished Creatures
  2 hydras
  A merfolk aquamancer (Shoals:1)
  2 two-headed ogres
  An alligator snapping turtle (Shoals:2)
  3 dancing weapons (Elf:1)
  The ghost of Tonizao the Thaumaturge, a journeyman DEFE of Sif Muna (Orc:2)
  An unseen horror (D:11)
  A sea snake (Shoals:2)
  A deep elf archer (Elf:1)
  2 orc knights (Orc:2)
  6 deep elf magi (Elf:1)
  7 harpies
  3 fauns (Shoals:1)
  2 ugly things (D:11)
  A black mamba (Lair:1)
  A water nymph (Shoals:1)
  2 merfolk sirens
  2 spiny frogs
  4 komodo dragons
  A rime drake (Lair:3)
  5 merfolk
  A troll (D:10)
  A hornet (D:10)
  8 hippogriffs
  2 blink frogs (Lair:3)
  A wyvern (D:10)
  2 air elementals (Elf:1)
  8 water elementals
  11 yaks
  3 basilisks
  A wraith (D:11)
  5 wargs
  An acid dragon (D:11)
  A soldier ant (D:10)
  A porcupine (Lair:1)
  A water moccasin (Lair:2)
  10 orc warriors
  A sky beast (D:10)
  An ice beast (D:8)
  6 ogres
  3 phantoms
  A necrophage (D:10)
  4 wolves (Lair:3)
  8 centaurs
  2 crocodiles
  3 big kobolds
  6 bullfrogs
  3 scorpions
  6 killer bees
  3 wights (D:4)
  A howler monkey (D:4)
  4 crimson imps
  2 bullfrog zombies (D:8)
  2 centaur zombies
  A quasit (D:11)
  3 centaur skeletons
  5 hounds
  7 orc priests
  4 jellies
  4 orc wizards
  5 iguanas
  7 worker ants
  2 killer bee zombies
  4 gnolls (D:5)
  8 river rats (D:5)
  10 adders
  2 shadow imps (D:8)
  An adder skeleton (D:8)
  3 dart slugs
  3 worms
  5 leopard geckos
  24 orcs
  2 giant cockroaches
  4 goblins
  2 hobgoblins (D:3)
  7 jackals
  20 kobolds
  8 quokkas
  6 bats
  7 frilled lizards
  A leopard gecko zombie (D:7)
  A quokka skeleton (D:4)
  25 rats
343 creatures vanquished.

Vanquished Creatures (collateral kills)
  A hydra (Lair:2)
  A two-headed ogre (D:11)
  2 dancing weapons (Elf:1)
  An orc high priest (Orc:2)
  An unseen horror (D:10)
  A deep elf archer (Elf:1)
  An orc knight (Orc:2)
  3 oklob plants (Lair:2)
  7 deep elf magi (Elf:1)
  A black mamba (Lair:2)
  A spiny frog (Lair:1)
  A komodo dragon (Lair:1)
  A troll (Orc:1)
  3 blink frogs (Lair:3)
  3 hippogriffs
  4 yaks
  A fire elemental (Elf:1)
  A hungry ghost (D:10)
  2 wargs
  A water moccasin (D:9)
  A phantom (D:11)
  8 orc warriors
  A sky beast (D:9)
  3 ogres
  5 centaurs (Orc:2)
  4 wolves (Lair:3)
  A crocodile (Lair:2)
  5 bullfrogs
  2 scorpions (D:10)
  4 killer bees
  7 orc priests
  6 orc wizards
  A killer bee zombie (D:10)
  An adder (D:10)
  A shadow imp (D:10)
  18 orcs
105 creatures vanquished.

Vanquished Creatures (others)
  5 orc knights
  A merfolk aquamancer (Shoals:1)
  3 orc priests (Elf:1)
  A deep elf archer (Elf:1)
  22 orc warriors
  A merfolk (Shoals:1)
  5 centaurs
  11 orc wizards
  66 orcs
  A giant cockroach (D:3)
  A bat (D:3)
  A fungus (Lair:3)
  2 plants (Lair:2)
120 creatures vanquished.

Grand Total: 568 creatures vanquished

Notes
Turn   | Place    | Note
-------+----------+-------------------------------------------
     0 | D:1      | Lew the Hill Orc Fighter began the quest for the Orb.
     0 | D:1      | Reached XP level 1. HP: 19/19 MP: 1/1
   136 | D:1      | Reached XP level 2. HP: 27/27 MP: 2/2
   187 | D:1      | Reached skill level 3 in Axes
   913 | D:1      | Reached XP level 3. HP: 33/33 MP: 3/3
  1308 | D:2      | Reached XP level 4. HP: 32/40 MP: 4/4
  1555 | D:2      | Found a blossoming altar of Fedhas.
  1557 | D:2      | Found a shimmering altar of Xom.
  1808 | D:2      | Gained mutation: Your movements are slightly less encumbered by armour. (ER -2) [potion of mutation]
  1808 | D:2      | Gained mutation: You possess an exceptional clarity of mind. [potion of mutation]
  1833 | D:3      | Became a worshipper of Beogh the Brigand
  1883 | D:3      | Found a runed gate.
  1885 | D:3      | Found a runed gate.
  1885 | D:3      | Found a runed gate.
  1892 | D:3      | Noticed Lew's ghost (amateur FeSu)
  2662 | D:3      | Found a roughly hewn altar of Beogh.
  2664 | D:3      | Reached * piety under Beogh
  3339 | D:3      | Got an iridescent spear {drain}
  3339 | D:3      | Got a jasper-encrusted ring mail
  3383 | D:3      | Identified the +7 spear "Wuamolemm" {drain, rF++ Int+2} (You took it off an orc on level 3 of the Dungeon)
  3394 | D:3      | Identified the +1 ring mail of Egalitarianism {Str+6} (You took it off an orc on level 3 of the Dungeon)
  3558 | D:4      | Reached skill level 4 in Axes
  3558 | D:4      | Reached XP level 5. HP: 40/47 MP: 5/5
  3650 | D:4      | Found a shattered altar of Ashenzari.
  3767 | D:4      | Found Ditwiwne's General Store.
  3771 | D:4      | Bought a scroll of identify for 26 gold pieces
  3771 | D:4      | Bought a potion of might for 52 gold pieces
  3771 | D:4      | Bought a scroll of enchant armour for 97 gold pieces
  3951 | D:4      | Reached skill level 5 in Fighting
  4033 | D:4      | Reached XP level 6. HP: 48/56 MP: 6/6
  4110 | D:4      | Reached skill level 5 in Axes
  4692 | D:4      | Noticed a phantom
  4713 | D:4      | Killed a phantom
  4713 | D:4      | Reached skill level 5 in Armour
  4713 | D:4      | Reached skill level 5 in Shields
  4713 | D:4      | Reached XP level 7. HP: 50/62 MP: 7/7
  4828 | D:5      | Entered Level 5 of the Dungeon
  4975 | D:5      | Found a sacrificial altar of Ru.
  5151 | D:5      | Reached skill level 6 in Axes
  5262 | D:5      | Reached XP level 8. HP: 71/71 MP: 8/8
  5338 | D:5      | Reached ** piety under Beogh
  5368 | D:5      | Reached skill level 1 in Polearms
  5771 | D:6      | Found a sacrificial altar of Ru.
  5830 | D:6      | Reached skill level 1 in Invocations
  6469 | D:7      | Reached skill level 7 in Axes
  6586 | D:7      | Found a glowing silver altar of Zin.
  6841 | D:7      | Reached *** piety under Beogh
  7219 | D:7      | Found a staircase to the Ecumenical Temple.
  7221 | D:7      | Reached XP level 9. HP: 73/79 MP: 10/10
  7313 | D:7      | Got a transparent falchion
  7316 | D:7      | Identified the cursed +1 falchion of Agemnufe {slice, Fragile rElec rF+ rN+} (You found it on level 7 of the Dungeon)
  7723 | D:8      | Reached skill level 8 in Axes
  7739 | D:8      | Found Agamuom's Antique Weapon Boutique.
  8282 | D:9      | Reached **** piety under Beogh
  8528 | D:9      | Noticed a two-headed ogre
  8543 | D:9      | Killed a two-headed ogre
  8543 | D:9      | Reached skill level 9 in Axes
  8543 | D:9      | Reached XP level 10. HP: 90/90 MP: 11/13
  8721 | D:9      | Reached ***** piety under Beogh
  8985 | D:10     | Entered Level 10 of the Dungeon
  9041 | D:10     | Killed an unseen horror
  9079 | D:10     | Found a staircase to the Lair.
  9117 | D:10     | Gained Margrim as an ally
  9174 | D:10     | Reached skill level 5 in Invocations
  9241 | D:10     | Noticed a two-headed ogre
  9250 | D:10     | Killed a two-headed ogre
  9250 | D:10     | Reached skill level 10 in Axes
  9305 | D:10     | Reached XP level 11. HP: 82/99 MP: 13/15
  9501 | D:10     | Reached skill level 10 in Fighting
  9521 | D:10     | Reached skill level 5 in Polearms
  9812 | Lair:1   | Entered Level 1 of the Lair of Beasts
 10045 | Lair:1   | Learned a level 1 spell: Apportation
 10048 | Lair:1   | Learned a level 2 spell: Blink
 10290 | Lair:1   | Reached skill level 11 in Axes
 10339 | Lair:1   | Noticed a four-headed hydra
 10347 | Lair:1   | Killed a five-headed hydra
 11064 | Lair:1   | Got a bloodstained spear
 11065 | Lair:1   | Identified the +4 spear of Waplole {freeze, Stlth+} (You found it on level 1 of the Lair of Beasts)
 11233 | Lair:2   | Noticed an oklob plant
 11242 | Lair:2   | Noticed an oklob plant
 11243 | Lair:2   | Noticed an oklob plant
 11265 | Lair:2   | Reached skill level 10 in Armour
 11265 | Lair:2   | Reached skill level 10 in Shields
 11639 | Lair:2   | Killed an oklob plant
 11646 | Lair:2   | Killed an oklob plant
 11656 | Lair:2   | Killed an oklob plant
 11656 | Lair:2   | Reached XP level 12. HP: 31/110 MP: 17/17
 12071 | Lair:2   | Noticed a six-headed hydra
 12077 | Lair:2   | Killed a six-headed hydra
 12610 | Lair:3   | Noticed a seven-headed hydra
 12622 | Lair:3   | Killed a seven-headed hydra
 12943 | Lair:3   | Reached skill level 12 in Axes
 13228 | Lair:3   | Found a staircase to the Shoals.
 13259 | Shoals:1 | Entered Level 1 of the Shoals
 13261 | Shoals:1 | Found Razoaw's Magic Scroll Shoppe.
 13268 | Shoals:1 | Noticed a merfolk aquamancer
 13289 | Shoals:1 | Killed a merfolk aquamancer
 13293 | Shoals:1 | Your ally Margrim died
 14446 | Shoals:1 | Bought a scroll of magic mapping for 42 gold pieces
 14446 | Shoals:1 | Bought a scroll of summoning for 114 gold pieces
 14458 | Shoals:1 | Found Waefoptat's Assorted Antiques.
 14460 | Shoals:1 | Found Kukunen's Gadget Boutique.
 14481 | Shoals:1 | Found a flickering gateway to a bazaar.
 14499 | Bazaar   | Entered a bazaar
 14499 | Bazaar   | Found Areos's Antique Armour Shop.
 14499 | Bazaar   | Found Feof Kuatwoh's Magic Scroll Shoppe.
 14501 | Bazaar   | Found Loikh's Gadget Boutique.
 14501 | Bazaar   | Found Oggoudif's Book Shoppe.
 14581 | Bazaar   | Bought a bloodstained ring mail for 243 gold pieces
 14581 | Bazaar   | Identified the +1 ring mail of Orheck {rElec rPois MR+} (You bought it in a shop in a bazaar)
 14582 | Bazaar   | Bought a pair of gloves for 121 gold pieces
 14598 | Bazaar   | Bought a scroll of enchant armour for 112 gold pieces
 14598 | Bazaar   | Bought a scroll of enchant armour for 112 gold pieces
 14598 | Bazaar   | Bought a scroll of enchant armour for 112 gold pieces
 14598 | Bazaar   | Bought a scroll of identify for 30 gold pieces
 14598 | Bazaar   | Bought a scroll of identify for 30 gold pieces
 14613 | Shoals:1 | Reached XP level 13. HP: 107/118 MP: 19/19
 14666 | Shoals:1 | Bought a murky cyan potion for 21 gold pieces
 14666 | Shoals:1 | Bought a viscous red potion for 21 gold pieces
 14666 | Shoals:1 | Bought a sedimented green potion for 21 gold pieces
 14686 | Shoals:1 | Bought a scroll of enchant weapon for 90 gold pieces
 15240 | Shoals:1 | Found a snail-covered altar of Cheibriados.
 15691 | Shoals:2 | Reached skill level 13 in Axes
 16524 | D:11     | Found a portal to a secret trove of treasure.
 17190 | D:11     | Found a staircase to the Orcish Mines.
 17663 | Orc:1    | Entered Level 1 of the Orcish Mines
 18426 | Orc:1    | Found a roughly hewn altar of Beogh.
 18779 | Orc:2    | Entered Level 2 of the Orcish Mines
 18832 | Orc:2    | Found a staircase to the Elven Halls.
 18948 | Orc:2    | Found Leoqyhi's Food Boutique.
 18972 | Orc:2    | Found a roughly hewn altar of Beogh.
 19004 | Orc:2    | Found a runed gate.
 19004 | Orc:2    | Noticed Tonizao's ghost (journeyman DEFE)
 19006 | Orc:2    | Found a runed gate.
 19007 | Orc:2    | Found a runed gate.
 19009 | Orc:2    | Found a roughly hewn altar of Beogh.
 19021 | Orc:2    | Killed Tonizao's ghost
 19469 | Orc:2    | Found Cauxziy's Antique Armour Shoppe.
 19489 | Orc:2    | Found Jemiwuuh's Armour Shop.
 19489 | Orc:2    | Found Ruxicheg's Weapon Emporium.
 19547 | Orc:2    | Found Curu Loude's Antique Armour Boutique.
 19562 | Orc:2    | Bought a pair of embroidered gloves for 315 gold pieces
 20036 | Elf:1    | Entered Level 1 of the Elven Halls
 20495 | Elf:1    | Gained Boruk as an ally
 20602 | Elf:1    | Reached ****** piety under Beogh
 20711 | Elf:1    | Found Hiuvud's Gadget Boutique.
 20716 | Elf:1    | Found Powkidwo's Armour Boutique.
 20726 | Elf:1    | Reached XP level 14. HP: 101/129 MP: 20/20
 20806 | Elf:1    | Bought the cursed +0 robe of Exclusion {rF+ rCorr Str+2} for 258 gold pieces
 20842 | Elf:1    | Reached skill level 14 in Axes
 20861 | Elf:1    | Noticed Asterion
 20866 | Elf:1    | Gained Judas as an ally
 20868 | Elf:1    | Noticed a balrug
 20881 | Elf:1    | Your ally Boruk died
 20889 | Elf:1    | Your ally Judas died
 21312 | Elf:1    | Found Zomech's Distillery.
 21312 | Elf:1    | Noticed Roxanne
 21375 | Elf:1    | Killed from afar by a deep elf knight

Skill      XL: |  1  2  3  4  5  6  7  8  9 10 11 12 13 14 |
---------------+-------------------------------------------+-----
Axes           | 3 4 5 6 7 9 10 11 12 13 14 | 14.1
Fighting       | 4 5 6 7 8 9 11 12 13 | 13.3
Shields        | 4 5 6 8 9 10 11 12 | 12.3
Armour         | 4 5 6 8 9 10 11 12 | 12.3
Polearms       | 2 3 4 5 6 8 |  8.7
Invocations    | 2 4 5 6 8 |  8.4

Action                   |  1- 3 |  4- 6 |  7- 9 | 10-12 | 13-15 || total
-------------------------+-------+-------+-------+-------+-------++-------
Melee: War axe           |    91 |   101 |       |       |       ||   192
       Spear             |       |    80 |   370 |   566 |   475 ||  1491
Invok: Convert to Beogh  |       |     1 |       |       |       ||     1
       Smiting           |       |       |       |     1 |       ||     1
       Recall Orcish Fol |       |       |       |     3 |     7 ||    10
       Give Item to Name |       |       |       |       |     1 ||     1
Evoke: Wand              |       |       |       |     9 |       ||     9
  Use: Scroll            |       |    11 |    12 |     5 |    18 ||    46
       Potion            |       |     4 |     1 |     5 |    11 ||    21
 Stab: Distracted        |       |       |       |     2 |     4 ||     6
  Eat: Chunk             |     1 |     4 |     3 |    11 |     8 ||    27
       Ration            |       |     2 |     3 |     3 |     4 ||    12
Armor: Scale mail        |    42 |    82 |       |       |       ||   124
       Ring mail         |       |    17 |    71 |   121 |    77 ||   286
Dodge: Dodged            |    25 |    74 |    65 |    98 |    60 ||   322
Block: Shield            |    54 |   110 |   152 |   474 |   326 ||  1116
       Reflection        |       |       |       |    17 |    83 ||   100
